 Dungeon Crawl Stone Soup version 0.27-a0-1248-g57ac2eb73c (webtiles) character file.

Game seed: 14361481170832846157

122 27snakeeyes612 the Skirmisher (level 5, -7/47 (49) HPs)
             Began as a Naga Fighter on June 10, 2021.
             Mangled by Crazy Yiuf
             ... wielding a +4 quarterstaff of chaos
              (13 damage)
             ... on level 2 of the Dungeon.
             The game lasted 00:02:16 (3126 turns).

27snakeeyes612 the Skirmisher (Naga Fighter)        Turns: 3126, Time: 00:02:17

HP:   -7/47 (49)    AC:  6    Str: 19    XL:     5   Next: 6%
MP:   5/5           EV:  5    Int:  8    God:
Gold: 94            SH:  9    Dex: 11    Spells: 4/4 levels left

rFire    . . .     SeeInvis +   a - +0 war axe
rCold    . . .     Faith    .   c - +0 kite shield
rNeg     . . .     Spirit   .   b - +0 scale mail
rPois    +         Reflect  .   e - +0 helmet
rElec    .         Harm     .   (no cloak)
rCorr    .         Rampage  .   (no gloves)
Will     .....                  (no barding)
Stlth    ..........             (no amulet)
HPRegen  0.15/turn              (no ring)
MPRegen  0.09/turn              (no ring)

@: short of breath, lightly drained, very slow
A: AC +1, large, see invisible, deformed body, poison resistance, slowness 2,
spit poison 1, naga tail 1
a: Spit Poison


You were on level 2 of the Dungeon.
You visited 1 branch of the dungeon, and saw 3 of its levels.

You collected 94 gold pieces.

Inventory:

Hand Weapons
 a - a +0 war axe (weapon)
Armour
 b - a +0 scale mail (worn)
 c - a +0 kite shield (worn)
 e - a +0 helmet (worn)
Wands
 d - a wand of flame (12)
Scrolls
 f - 2 scrolls of identify {unknown}
 h - a scroll of brand weapon {unknown}
 i - a scroll of magic mapping {unknown}
Potions
 g - a potion of degeneration {unknown}
 j - 2 potions of lignification {unknown}
 k - a potion of magic {unknown}


   Skills:
 + Level 3.6 Fighting
 + Level 3.0 Axes
 + Level 3.0 Armour
 + Level 0.1 Dodging
 + Level 3.2 Shields


You had 4 spell levels left.
You didn't know any spells.
Your spell library contained the following spells:

 Spells                   Type           Power      Damage    Failure   Level
 Confusing Touch          Hex            0%         N/A       100%        3
 Gell's Gravitas          Tloc           0%         N/A       100%        3
 Petrify                  Tmut/Erth      0%         N/A       100%        4
 Metabolic Englaciation   Hex/Ice        0%         N/A       100%        5
 Yara's Violent Unravell  Hex/Tmut       0%         3d3       100%        5


Dungeon Overview and Level Annotations

Branches:
Dungeon (3/15)

Altars:
Cheibriados

Annotations:
D:2 Crazy Yiuf


Innate Abilities, Weirdness & Mutations

Your serpentine skin is tough. (AC +1)
You have supernaturally acute eyesight. (SInv)
Armour fits poorly on your strangely shaped body.
Your system is resistant to poisons. (rPois)
You cover ground very slowly.
You can spit poison.
You have a snake-like lower body.


Message History

A ball python comes into view.
A ball python is nearby!
You slash the ball python!
You kill the ball python!
Found a short sword.
You see here a +0 short sword.
There is an open door here.
There is a stone staircase leading down here.
Things that are here:
a +0 animal skin; a +2 whip of flaming
Things that are here:
a +0 flail; a +0 scale mail
There is an open door here.
Found a hand axe.
Found a stone staircase leading up.
No target in view!
Could not explore, unopened runed door.
Could not explore, unopened runed door.
Could not explore, unopened runed door.
As you open the door, it creaks loudly!
Abil: Spit Poison
Press: ? - help, Q - select action, (/) - cycle Shift-Dir - straight line, f - Crazy Yiuf
Aim: Crazy Yiuf, wielding a +4 quarterstaff of chaos and wearing a +1 cloak The splash of poison misses Crazy Yiuf.
Crazy Yiuf hits you with a +4 quarterstaff of chaos!
Crazy Yiuf freezes you.
You closely miss Crazy Yiuf.
Crazy Yiuf hits you with a +4 quarterstaff of chaos!
Crazy Yiuf burns you.
Crazy Yiuf hits you with a +4 quarterstaff of chaos!
* * * LOW HITPOINT WARNING * * *
You feel drained.
* * * LOW HITPOINT WARNING * * *
You hit Crazy Yiuf.
Crazy Yiuf is moderately wounded.
You block Crazy Yiuf's attack. x2
You slash Crazy Yiuf!
Crazy Yiuf is severely wounded.
Crazy Yiuf hits you with a +4 quarterstaff of chaos!
You die...

...####.#...........#######.#.###
#..........###########....#.#....
#.########## ####.#.#####
.......##### ##### #.#......
...........# #..)# #.######.
.#####.##### #...# #.######. .#
#.#...# ... #.#...... .# #.#.#.#
#g# #.#.####. .#####.#.#.# ♣♣@♣
#....†... ...........# ♣.♣♣
###.##### .#####.#...# ♣♣.♣
#.#.... .....#.....# ♣.♣♣ #.#.###
..........## ♣♣.♣ #.#.#
####.####### ♣..♣♣♣ #.#<#
...........# ♣....♣ #.#####
.....#####.# #....# #......
....######.####..## #######


You could see Crazy Yiuf.

Vanquished Creatures
  Terence (D:2)
  Robin (D:2)
  2 adders
  2 dart slugs
  6 ball pythons
  2 endoplasms (D:1)
  3 giant cockroaches (D:2)
  12 goblins
  10 hobgoblins
  4 jackals (D:2)
  6 bats
  2 frilled lizards
  4 kobolds
  5 rats
60 creatures vanquished.

Notes
Turn   | Place    | Note
-------+----------+-------------------------------------------
     0 | D:1      | 27snakeeyes612 the Naga Fighter began the quest for the
                  | Orb.
     0 | D:1      | Reached XP level 1. HP: 21/21 MP: 1/1
    61 | D:1      | Found a faded altar of an unknown god.
    78 | D:1      | You fall into a shaft and drop 1 floor!
    84 | D:2      | Reached XP level 2. HP: 24/28 MP: 2/2
   132 | D:2      | Noticed Robin
   229 | D:2      | Reached XP level 3. HP: 4/34 MP: 3/3
   705 | D:2      | Killed Robin
   945 | D:3      | Found a snail-covered altar of Cheibriados.
  1005 | D:2      | Reached XP level 4. HP: 20/42 MP: 4/4
  1211 | D:2      | Found a runed translucent door.
  1212 | D:2      | Noticed Crazy Yiuf
  2440 | D:2      | Noticed Terence
  2444 | D:2      | Killed Terence
  2445 | D:2      | Reached XP level 5. HP: 41/49 MP: 5/5
  3126 | D:2      | Mangled by Crazy Yiuf

Illustrated notes

Levels and vault maps discovered:
D:1:      dpeg_arrival_erosion, layout_basic,
          shapermc_ecumenical_altar_mp_urbaneastern
D:2:      layout_basic, kennysheep_potato, uniq_terence,
          uniq_crazy_yiuf_cottage, uniq_robin
D:3:      layout_rooms, cheibriados_altar_1, uniq_ijyb

Skill      XL: |  1  2  3  4 |
---------------+-------------+-----
Shields        | 3 |  3.2
Axes           | 3 |  3.0
Armour         | 3 |  3.0
Fighting       | |  3.6
Dodging        | |  0.1

Action                   |  1- 3 |  4- 6 || total
-------------------------+-------+-------++-------
Melee: War axe           |    55 |    76 ||   131
 Abil: Spit Poison       |     6 |     2 ||     8
  Use: Potion            |     2 |       ||     2
Armor: Scale mail        |    42 |    28 ||    70
Dodge: Dodged            |    14 |    18 ||    32
Block: Kite shield       |    28 |    42 ||    70

Table legend: (Time is in decaauts)
 A = Elapsed time spent in this place.
 B = Non-inter-level travel time spent in this place.
 C = Inter-level travel time spent in this place.
 D = Time resting spent in this place.
 E = Time spent auto-exploring this place.
 F = Levels seen in this place.
 G = Mean time per level.
                   A        B        C        D        E       F      G
               +--------+--------+--------+--------+--------+-----+--------+
         Total |   3949 |   3824 |    125 |    660 |   2685 |   3 | 1316.3 |
       Dungeon |   3949 |   3824 |    125 |    660 |   2685 |   3 | 1316.3 |
               +--------+--------+--------+--------+--------+-----+--------+

Top non-repeatable levels by time:
     D:2: 2046 daAuts
     D:1: 1368 daAuts
     D:3: 534 daAuts
